 Dungeon Sprint DCSS version 0.26-a0-1213-gd52f5182fe (webtiles) character file.

Game seed: 5528799438479500864

2069 rocky1 the Blocker (level 9, -5/88 HPs)
             Began as a Deep Dwarf Fighter on Dec 31, 2020.
             Was the Champion of Makhleb.
             Slain by a rust devil (9 damage)
             ... in the Dungeon (Sprint VII: "The Pits").
             The game lasted 00:07:44 (806 turns).

rocky1 the Blocker (Deep Dwarf Fighter)              Turns: 806, Time: 00:07:44

Health: -5/88      AC:  1    Str: 23    XL:     9   Next: 5%
Magic:  14/14      EV: 12    Int: 12    God:    Makhleb [******]
Gold:   0          SH: 12    Dex: 12    Spells: 8/8 levels left

rFire    . . .     SeeInvis +   y - +14 obsidian axe {vorpal, +Fly SInv *Curse} (curse)
rCold    . . .     Faith    .   c - +0 kite shield
rNeg     . . .     Spirit   .   w - +4 chain mail
rPois    .         Reflect  .   v - +0 helmet
rElec    .         Harm     .   (no cloak)
rCorr    .         Rampage  .   x - +0 pair of gloves
Will     +....     NoTele   +   (no boots)
Stlth    ..........             (no amulet)
HPRegen  0.00/turn              r - +3 ring of protection
MPRegen  0.14/turn              s - +3 ring of intelligence

@: corroded, mesmerised, non-regenerating
A: damage resistance, heal wounds, sense surroundings 2, no regeneration
a: Heal Wounds, Renounce Religion, Evoke Flight, Minor Destruction, Lesser
Servant of Makhleb, Major Destruction, Greater Servant of Makhleb


You were in the Dungeon.
You worshipped Makhleb.
Makhleb was exalted by your worship.
You visited 1 branch

Inventory:

Hand Weapons
 a - a +0 war axe
 b - a +1 hand axe of draining
 o - a +0 hand axe of freezing
 y - the cursed +14 obsidian axe (weapon) {vorpal, +Fly SInv *Curse}
   (You found it in the Dungeon)

   It inflicts extra damage upon your enemies.
   It lets you see invisible.
   It lets you fly.
   It curses itself when equipped.
   It has a curse placed upon it.
Armour
 c - a +0 kite shield (worn)
 v - a +0 helmet (worn)
 w - a +4 chain mail (worn)
 x - a +0 pair of gloves (worn)
Jewellery
 r - a +3 ring of protection (left hand)
 s - a +3 ring of intelligence (right hand)
Scrolls
 j - a scroll of blinking
 l - 3 scrolls of remove curse
 m - 5 scrolls of amnesia
 n - a scroll of summoning
Potions
 d - 3 potions of might
 e - 3 potions of curing
 f - 4 potions of heal wounds
 g - 4 potions of haste
 h - 4 potions of magic
 i - 2 potions of berserk rage
 k - 2 potions of invisibility
 t - 2 potions of mutation
 u - a potion of brilliance


   Skills:
 + Level 8.0 Fighting
 + Level 10.9 Axes
 + Level 9.6 Armour
 + Level 8.9 Dodging
 + Level 11.0 Shields
 + Level 7.3 Invocations


You had 8 spell levels left.
You didn't know any spells.
Your spell library was empty.

Dungeon Overview and Level Annotations

Branches:
Dungeon (1/1)

Altars:
Ashenzari
Cheibriados
Dithmenos
Elyvilon
Fedhas
Gozag
Hepliaklqana
Kikubaaqudgha
Makhleb
Nemelex Xobeh
Okawaru
Qazlal
Ru
Sif Muna
Trog
Uskayaw
Vehumet
Wu Jian
Xom
Yredelemnul
Zin
The Shining One
Beogh
Jiyva
Lugonu


Innate Abilities, Weirdness & Mutations

You are resistant to damage.
You can heal yourself by infusing magical energy.
You passively map the area around you.
You do not regenerate.


Message History

You break out of your daze!
You kill the black mamba!
Makhleb accepts your kill.
You hit the rust devil.
Visions of slaying the rust devil flood into your mind.
You block the rust devil's attack. x2
Your Fighting skill increases to level 8!
Your Shields skill increases to level 11!
Your Invocations skill increases to level 7!
You have reached level 9!
Your experience leads to an increase in your attributes!
Your base attributes are Str 22, Int 9, Dex 12.
Increase (S)trength, (I)ntelligence, or (D)exterity?
You feel stronger.
Your attunement to dungeon structure grows.
Unknown command.
You hit the rust devil.
The rust devil is heavily wounded.
The rust devil hits you!
You die...

* , , , , * * * , + , ,,
,, , , * , , , , * * ,,
* * *+ * * ,+ * ,
######++########## ,
.............##..#* * +
* , , ...#..#......##..#
.............''.@# * ,,
.............''4.# * *
...#..#......##.........
,
.............##.........
,
'#####++################
* * ....# * ** * ....# ,
,, , , *, * ....#* , * ,
, <...#* , , + * , * * ,


You could see a rust devil (mesmerising).

Vanquished Creatures
  An unseen horror (D)
  A deep elf mage (D)
  A black mamba (D)
  A polar bear (D)
  An orc warrior (D)
  2 ogres (D)
  A big kobold (D)
  4 wights (D)
  A jelly (D)
  An orc priest (D)
  An orc wizard (D)
  A worker ant (D)
  2 adders (D)
  2 oozes (D)
  2 leopard geckos (D)
  2 orcs (D)
  A ball python (D)
  A giant cockroach (D)
  2 jackals (D)
  A frilled lizard (D)
  A kobold (D)
  A quokka zombie (D)
  A rat (D)
32 creatures vanquished.

Notes
Turn   | Place    | Note
-------+----------+-------------------------------------------
     0 | D        | rocky1 the Deep Dwarf Fighter began the quest for the Orb.
     0 | D        | Reached XP level 1. HP: 20/20 MP: 1/1
    22 | D        | Reached skill level 4 in Shields
    22 | D        | Reached XP level 2. HP: 20/27 MP: 2/2
    26 | D        | Found a bloodstained altar of Trog.
    26 | D        | Found a shimmering blue altar of Sif Muna.
    26 | D        | Found a viscous altar of Jiyva.
    26 | D        | Found a hazy altar of Hepliaklqana.
    26 | D        | Found an opulent altar of Gozag.
    27 | D        | Found a glowing golden altar of the Shining One.
    27 | D        | Found a glowing silver altar of Zin.
    27 | D        | Found a basalt altar of Yredelemnul.
    27 | D        | Found a shimmering altar of Xom.
    27 | D        | Found an ornate altar of the Wu Jian Council.
    27 | D        | Found a sacrificial altar of Ru.
    27 | D        | Found a stormy altar of Qazlal.
    27 | D        | Found an iron altar of Okawaru.
    27 | D        | Found a sparkling altar of Nemelex Xobeh.
    27 | D        | Found a burning altar of Makhleb.
    27 | D        | Found a blossoming altar of Fedhas.
    27 | D        | Found a white marble altar of Elyvilon.
    27 | D        | Found a shadowy altar of Dithmenos.
    27 | D        | Found a snail-covered altar of Cheibriados.
    30 | D        | Found a corrupted altar of Lugonu.
    30 | D        | Found a radiant altar of Vehumet.
    30 | D        | Found a roughly hewn altar of Beogh.
    31 | D        | Found an ancient bone altar of Kikubaaqudgha.
    31 | D        | Found a hide-covered altar of Uskayaw.
    31 | D        | Found a broken altar of Ashenzari.
    37 | D        | Became a worshipper of Makhleb the Destroyer
   212 | D        | Reached * piety under Makhleb
   213 | D        | Reached skill level 5 in Axes
   213 | D        | Reached skill level 5 in Shields
   213 | D        | Reached XP level 3. HP: 12/33 MP: 3/3
   215 | D        | Reached skill level 6 in Shields
   347 | D        | Reached ** piety under Makhleb
   449 | D        | Noticed an ogre
   451 | D        | Noticed an orc warrior
   458 | D        | Reached *** piety under Makhleb
   459 | D        | Reached skill level 1 in Dodging
   459 | D        | Reached XP level 4. HP: 33/42 MP: 4/4
   473 | D        | Killed an orc warrior
   474 | D        | Reached skill level 5 in Armour
   474 | D        | Reached skill level 7 in Shields
   474 | D        | Reached XP level 5. HP: 50/50 MP: 5/5
   491 | D        | Killed an ogre
   491 | D        | Reached **** piety under Makhleb
   492 | D        | Reached skill level 8 in Shields
   511 | D        | Reached skill level 5 in Fighting
   511 | D        | Reached skill level 5 in Dodging
   511 | D        | Reached XP level 6. HP: 44/61 MP: 6/6
   520 | D        | Reached ***** piety under Makhleb
   534 | D        | Reached skill level 9 in Shields
   550 | D        | Reached XP level 7. HP: 67/69 MP: 7/7
   582 | D        | Killed an unseen horror
   583 | D        | Reached skill level 10 in Shields
   583 | D        | Reached XP level 8. HP: 42/80 MP: 7/11
   598 | D        | Reached skill level 5 in Invocations
   608 | D        | Noticed a polar bear
   608 | D        | Noticed a deep elf mage
   614 | D        | Noticed a rust devil
   617 | D        | Killed a deep elf mage
   618 | D        | Reached skill level 10 in Axes
   631 | D        | Killed a polar bear
   639 | D        | Found the +14 obsidian axe {vorpal, +Fly SInv *Curse}
   772 | D        | Noticed a rust devil
   773 | D        | Noticed a black mamba
   804 | D        | HP: 3/81 [black mamba (12)]
   805 | D        | Killed a black mamba
   805 | D        | Reached ****** piety under Makhleb
   806 | D        | Reached skill level 11 in Shields
   806 | D        | Gained mutation: You passively map the area around you.
                  | [Deep Dwarf growth]
   806 | D        | Reached XP level 9. HP: 4/88 MP: 14/14
   806 | D        | Slain by a rust devil

Illustrated notes

Levels and vault maps discovered:
D:        pitsprint [storerooms_1, entrance_room_1, metal_vault_6, armoury_2,
          mini_pit_1, grid_room_1, main_hall_1, silver_pit, the_coven_1,
          the_vestibule_1, steel_vault_4, golden_pit, hallway_of_sentries,
          crystal_vault_4, iron_vault_3, final_vault]

Skill      XL: |  1  2  3  4  5  6  7  8 |
---------------+-------------------------+-----
Axes           | 3 5 6 7 8 9 10 | 10.9
Shields        | 4 5 6 7 8 9 10 11 | 11.0
Fighting       | 3 4 5 6 7 8 |  8.0
Dodging        | 1 3 5 6 7 8 |  8.9
Armour         | 5 6 7 8 9 |  9.6
Invocations    | 4 7 |  7.3

Action                   |  1- 3 |  4- 6 |  7- 9 || total
-------------------------+-------+-------+-------++-------
Melee: War axe           |    52 |    25 |    88 ||   165
       Hand axe          |     4 |    37 |       ||    41
       Broad axe         |       |       |     2 ||     2
  Use: Potion            |     2 |     1 |     6 ||     9
Armor: Scale mail        |    13 |       |       ||    13
       Chain mail        |     1 |    16 |    46 ||    63
Dodge: Dodged            |    14 |    13 |    33 ||    60
Block: Kite shield       |    29 |    27 |    61 ||   117

Table legend: (Time is in decaauts)
 A = Elapsed time spent in this place.
 B = Non-inter-level travel time spent in this place.
 C = Inter-level travel time spent in this place.
 D = Time resting spent in this place.
 E = Time spent auto-exploring this place.
 F = Levels seen in this place.
 G = Mean time per level.
                   A        B        C        D        E       F      G
               +--------+--------+--------+--------+--------+-----+--------+
         Total |    832 |    832 |      0 |    216 |      0 |   1 |  832.0 |
       Dungeon |    832 |    832 |      0 |    216 |      0 |   1 |  832.0 |
               +--------+--------+--------+--------+--------+-----+--------+

Top non-repeatable levels by time:
       D: 832 daAuts
